 Dungeon Crawl Stone Soup version 0.25-a0-578-gc91f01c39c (webtiles) character file.

Game seed: 13375922794551979859, levelgen mode: deterministic

1428 Flugslaktarn the Chopper (level 8, 53/74 HPs)
             Began as a Deep Dwarf Fighter on Mar 5, 2020.
             Quit the game on level 2 of the Dungeon.
             The game lasted 00:01:48 (2008 turns).

Flugslaktarn the Chopper (Deep Dwarf Fighter)       Turns: 2008, Time: 00:01:48

Health: 53/74      AC: 13    Str: 23    XL:     8   Next: 44%
Magic:  6/6        EV:  8    Int:  8    God:
Gold:   208        SH: 10    Dex: 12    Spells: 7/7 levels left

rFire    . . .     SeeInvis .   a - +0 war axe
rCold    . . .     Gourm    .   c - +0 kite shield
rNeg     . . .     Faith    .   b - +0 scale mail
rPois    .         Spirit   .   p - +1 helmet
rElec    .         Reflect  .   (no cloak)
rCorr    .         Harm     .   o - +2 pair of gloves
MR       +....                  (no boots)
Stlth    ..........             (no amulet)
HPRegen  0.00/turn              (no ring)
MPRegen  0.10/turn              (no ring)

@: non-regenerating
A: damage resistance, heal wounds, sense surroundings 1, no regeneration
a: Heal Wounds


You were on level 2 of the Dungeon.
You were not hungry.

You visited 2 branches of the dungeon, and saw 7 of its levels.

You collected 208 gold pieces.

Inventory:

Hand Weapons
 a - a +0 war axe (weapon)
Armour
 b - a +0 scale mail (worn)
 c - a +0 kite shield (worn)
 o - a +2 pair of gloves (worn)
   (You found it on level 1 of the Dungeon)
 p - a +1 helmet (worn)
   (You took it off Robin on level 4 of the Dungeon)
Wands
 n - a wand of iceblast (15)
   (You found it on level 4 of the Dungeon)
Scrolls
 q - a scroll of immolation
 t - a scroll of teleportation
 x - 2 scrolls of remove curse
Potions
 d - a potion of might
 f - a potion of heal wounds {unknown}
 g - a potion of magic
 h - a potion of haste
 m - a potion of flight
Comestibles
 e - 4 rations
 i - 2 chunks of flesh


   Skills:
 + Level 5.0 Fighting
 * Level 7.5 Axes
 + Level 6.0 Armour
 + Level 6.1 Shields


You had 7 spell levels left.
You didn't know any spells.
Your spell library was empty.

Dungeon Overview and Level Annotations

Branches:
Dungeon (6/15)             Temple (1/1) D:5

Altars:
Ashenzari
Fedhas
Gozag
Hepliaklqana
Kikubaaqudgha
Nemelex Xobeh
Okawaru
Qazlal
Sif Muna
Trog
Uskayaw
Wu Jian
Yredelemnul
Zin
The Shining One


Innate Abilities, Weirdness & Mutations

You are resistant to damage.
You can heal yourself by infusing magical energy.
You passively map a small area around you.
You do not regenerate.


Message History

You block the goblin's attack.
You closely miss the goblin. The goblin closely misses you.
The goblin hits you with a +0 dagger.
Your shield prevents you from hitting the goblin.
You block the goblin's attack.
You hit the goblin.
You kill the goblin!
No target in view!
No target in view!
No target in view!
No target in view!
No target in view!
No target in view!
No target in view!
No target in view!
No target in view!
No target in view!
No target in view!
No target in view!
Are you sure you want to abandon this character and quit the game? (Confirm with "yes".)

....#
##.##.#.#.######.# *
###.# #.##.#..........#
#.#
####.##.###.#####.[#
#)# #.............# #.#
#.#..########.# , , #.#
#.#..# .# * * #.#
#.#..# ...,,,,
#.####.#(.######.#.###
* ,
#............)@)......,
######.#..######!#.###
#.#..# #.# , #.#..# **
* #.#.#. , #..###. #..,
## * #.. * , #.. ,


There were no monsters in sight!

Vanquished Creatures
  Pikel (D:4)
  Eustachio (D:4)
  Menkaure (D:4)
  A sky beast (D:5)
  3 slaves (D:4)
  An ogre (D:4)
  A bullfrog (D:6)
  A howler monkey (D:5)
  2 crimson imps (D:5)
  A hound (D:4)
  A jelly (D:5)
  A bullfrog skeleton (D:5)
  Ijyb (D:4)
  4 worker ants
  A hound zombie (D:5)
  A worker ant zombie (D:6)
  Robin (D:4)
  4 adders
  A shadow imp (D:5)
  An ooze (D:2)
  An adder zombie (D:5)
  A worm (D:4)
  2 dart slugs
  2 leopard geckos (D:4)
  6 orcs (D:4)
  3 giant cockroaches
  12 goblins
  8 hobgoblins
  3 jackals (D:2)
  A kobold (D:1)
  A quokka (D:5)
  A ball python (D:2)
  A bat (D:1)
  3 frilled lizards
  A giant cockroach zombie (D:5)
  A leopard gecko zombie (D:5)
  A quokka skeleton (D:5)
  4 rats
81 creatures vanquished.

Notes
Turn   | Place    | Note
-------+----------+-------------------------------------------
     0 | D:1      | Flugslaktarn the Deep Dwarf Fighter began the quest for the
                  | Orb.
     0 | D:1      | Reached XP level 1. HP: 20/20 MP: 1/1
   172 | D:1      | Reached XP level 2. HP: 25/27 MP: 2/2
   405 | D:3      | Reached skill level 3 in Axes
   405 | D:3      | Reached XP level 3. HP: 25/34 MP: 3/3
   420 | D:4      | Noticed Eustachio
   445 | D:4      | Reached XP level 4. HP: 22/42 MP: 3/3
   567 | D:4      | Killed Eustachio
   567 | D:4      | Reached skill level 4 in Axes
   567 | D:4      | Reached XP level 5. HP: 45/49 MP: 4/4
   597 | D:4      | Noticed an ogre
   612 | D:4      | Killed an ogre
   612 | D:4      | Reached XP level 6. HP: 24/57 MP: 5/5
   620 | D:4      | Noticed a +0 hand axe
   621 | D:4      | Found a hide-covered altar of Uskayaw.
   621 | D:4      | Noticed a +0 hand axe
   654 | D:4      | Noticed Menkaure
   661 | D:4      | Killed Menkaure
   661 | D:4      | Reached skill level 5 in Axes
   746 | D:4      | Noticed a slave
   746 | D:4      | Noticed a slave
   748 | D:4      | Noticed Pikel
   748 | D:4      | Noticed a slave
   749 | D:4      | Noticed Robin
   749 | D:4      | Noticed a slave
   766 | D:4      | Killed a slave
   767 | D:4      | Killed a slave
   774 | D:4      | Reached XP level 7. HP: 40/64 MP: 5/5
   778 | D:4      | Killed Pikel
   778 | D:4      | Reached skill level 6 in Axes
   778 | D:4      | Reached skill level 5 in Armour
   778 | D:4      | Reached skill level 5 in Shields
   782 | D:4      | Killed Robin
   886 | D:4      | Noticed Ijyb
   899 | D:4      | Killed Ijyb
   899 | D:4      | Reached XP level 8. HP: 63/73 MP: 6/6
   973 | D:5      | Entered Level 5 of the Dungeon
  1005 | D:5      | Found a staircase to the Ecumenical Temple.
  1030 | Temple   | Entered the Ecumenical Temple
  1160 | D:5      | Reached skill level 7 in Axes
  1188 | D:5      | Found an ornate altar of the Wu Jian Council.
  1636 | D:6      | Reached skill level 5 in Fighting
  1661 | D:6      | Found a hazy altar of Hepliaklqana.
  1944 | D:2      | Found a faded altar of an unknown god.
  1944 | D:2      | Found a sparkling altar of Nemelex Xobeh.
  1950 | D:2      | Found a bloodstained altar of Trog.
  1952 | D:2      | Found a faded altar of an unknown god.
  1953 | D:2      | Found a shattered altar of Ashenzari.
  2008 | D:2      | Quit the game

Levels and vault maps discovered:
D:1:      psy_arrival_dodecagon, layout_basic, cheibriados_altar_1
D:2:      layout_loops_ring, chequers_temple_overflow_minitemple,
          roderic_cross_of_infinity, minmay_tiny_reverse_x
D:3:      layout_loops_cross, elyvilon_altar_3, grunt_dithmenos_smoke,
          chequers_ecumenical_altar_lobes
D:4:      layout_rooms, dancing_weapons_uskayaw, first_ration, uniq_eustachio,
          uniq_ijyb, uniq_robin, uniq_pikel, uniq_menkaure
D:5:      layout_rooms, old_standard_altar, minmay_temple_entry_wispy,
          serial_undead, serial_undead_b, serial_undead_b, serial_undead_c,
          serial_undead_e
D:6:      layout_basic, kennysheep_mini, marbit_many_paths,
          kennysheep_little_box, fiery_altar_vehumet, makhleb_grotto_becter
Temple:   dpeg_three_leaves_temple

Skill      XL: |  1  2  3  4  5  6  7  8 |
---------------+-------------------------+-----
Fighting       | 3 4 5 |  5.0
Axes           | 3 4 5 6 7 |  7.5
Armour         | 4 5 6 |  6.0
Shields        | 4 5 6 |  6.1

Action                   |  1- 3 |  4- 6 |  7- 9 || total
-------------------------+-------+-------+-------++-------
Melee: War axe           |    75 |    73 |   108 ||   256
 Abil: Heal Wounds       |     1 |     8 |     1 ||    10
  Use: Scroll            |       |       |    11 ||    11
  Eat: Chunk             |       |       |     2 ||     2
       Ration            |       |       |     1 ||     1
Armor: Scale mail        |   109 |    81 |    57 ||   247
Dodge: Dodged            |    57 |    72 |    30 ||   159
Block: Kite shield       |    69 |    82 |    67 ||   218

Table legend:
 A = Non-vault XP
 B = Vault XP
 C = Vault XP percentage of total XP
 D = Non-vault monster count
 E = Vault monster count
 F = Vault count percentage of total count
                 A         B        C        D         E       F
            +---------+---------+-------+---------+---------+-------
      Total |     880 |    1161 |  56.9 |      55 |      23 |  29.5
            +---------+---------+-------+---------+---------+-------
        D:1 |      14 |       0 |   0.0 |       8 |       0 |   0.0
        D:2 |      46 |       3 |   6.1 |      15 |       2 |  11.8
        D:3 |      14 |       0 |   0.0 |       2 |       0 |   0.0
        D:4 |     309 |    1093 |  78.0 |      17 |      17 |  50.0
        D:5 |     345 |      65 |  15.9 |       9 |       4 |  30.8
        D:6 |     152 |       0 |   0.0 |       4 |       0 |   0.0
            +---------+---------+-------+---------+---------+-------
